 Dungeon Crawl Stone Soup version 0.31-a0-152-g6aa68a64a1 (webtiles) character file.

Game seed: 7979536406329886685

71 qw the Shooter (level 4, -5/39 HPs)
             Began as a Naga Hunter on June 11, 2023.
             Slain by a gnoll
             ... wielding a +0 spear
              (9 damage)
             ... on level 2 of the Dungeon.
             The game lasted 00:00:28 (1152 turns).

qw the Shooter (Naga Hunter)                        Turns: 1152, Time: 00:00:28

Health: -5/39      AC:  3    Str: 13    XL:     4   Next: 24%
Magic:  4/4        EV:  9    Int:  9    God:
Gold:   58         SH:  0    Dex: 17    Spells: 3/3 levels left

rFire   . . .        Y - +2 arbalest (freeze)
rCold   . . .        (shield currently unavailable)
rNeg    . . .        c - +0 leather armour
rPois   +            (no helmet)
rElec   .            f - +0 cloak
rCorr   .            (no gloves)
SInv    +            (no barding)
Will    .....        (no amulet)
Stlth   ++           (no ring)
HPRegen 0.26/turn    (no ring)
MPRegen 0.09/turn

%: no passive effects
@: short of breath, very slow
A: AC +1, large, see invisible, deformed body, poison resistance, slowness 2,
spit poison 1, naga tail 1
a: Spit Poison


You were on level 2 of the Dungeon.
You visited 1 branch of the dungeon, and saw 2 of its levels.

You collected 58 gold pieces.


Innate Abilities, Weirdness & Mutations

Your serpentine skin is tough. (AC +1)
You have supernaturally acute eyesight. (SInv)
Armour fits poorly on your strangely shaped body.
Your system is resistant to poisons. (rPois)
You cover ground very slowly.
You can spit poison.
You have a snake-like lower body.


   Skills:
 + Level 2.2 Fighting
 - Level 5.0 Ranged Weapons
 - Level 1.5 Dodging
 - Level 1.5 Stealth


You had 3 spell levels left.
You didn't know any spells.
Your spell library was empty.

Inventory:

Hand Weapons
 Y - a +2 arbalest of freezing (weapon)
Armour
 c - a +0 leather armour (worn)
 f - a +0 cloak (worn)
Scrolls
 a - a scroll of identify
 b - a scroll of teleportation {unknown}
 d - a scroll of vulnerability {unknown}
Potions
 e - a potion of curing {unknown}
 g - a potion of berserk rage {unknown}

Dungeon Overview and Level Annotations

Branches:
Dungeon (2/15)

Altars:


Message History

Aiming: Spit Poison (2% risk of failure)
Press: ? - help, Shift-Dir - straight line, f/p - gnoll The splash of poison misses the gnoll.
A gnoll comes into view. It is wielding a +0 spear. x2
1146 ||| Stepping ~*~*~tactically~*~*~ (outnumbered).
Enter note:
Enter note:
Enter note:
Enter note: You shoot a bolt.
The bolt hits the gnoll!!
The bolt freezes the gnoll.
You kill the gnoll!
An adder comes into view.
The adder moves out of view.
Your Ranged Weapons skill increases to level 5!
You have reached level 4!
You feel agile. The gnoll barely misses you.
The gnoll hits you with a +0 halberd.
Enter note:
Enter note:
Enter note:
Enter note: You shoot a bolt.
The gnoll shouts!
The bolt hits the gnoll.
The bolt freezes the gnoll.
The gnoll is moderately wounded.
You have got your breath back.
The gnoll hits you from afar with a +0 spear.
The gnoll hits you with a +0 halberd. The gnoll hits you with a +0 halberd!
The gnoll hits you from afar with a +0 spear!
1150 ||| INVOKING Spit Poison.
Aiming: Spit Poison (1% risk of failure)
Press: ? - help, Shift-Dir - straight line, f/p - gnoll The splash of poison hits the gnoll!
You kill the gnoll!
The gnoll hits you from afar with a +0 spear.
You shoot a bolt. The bolt closely misses the gnoll.
The gnoll closely misses you.
You shoot a bolt. The bolt hits the adder!
The bolt freezes the adder.
You kill the adder!
The gnoll hits you from afar with a +0 spear!
You die...

#.#....#.##. .#
#...##...... ..
##.......##. # #.
#.########. #.###.#
##.## #. #......
##.#.##### ## #..#)#.
#.###....###.
#....g.######.#.....##..
...#.#)@................
#...g.)#.######...#.#.#.
#..##....# ##........ #
###### #...#.#.#.
#.#.(..... #.#.#.#.#.
#.#....... #.####..##
#####.#####.#


You could see 2 gnolls.

Vanquished Creatures
  2 adders
  2 gnolls (D:2)
  3 dart slugs
  3 endoplasms (D:1)
  A giant cockroach (D:1)
  A goblin (D:1)
  6 hobgoblins
  4 quokkas
  2 ball pythons (D:1)
  3 bats
  2 frilled lizards
  5 kobolds
  3 rats
37 creatures vanquished.

Notes
Turn   | Place    | Note
-------+----------+-------------------------------------------
     0 | D:1      | qw the Naga Hunter began the quest for the Orb.
     0 | D:1      | Reached XP level 1. HP: 19/19 MP: 1/1
     0 | D:1      | 0 ||| qw: Version: 0.2-a-29-g99eb96e
     0 | D:1      | 0 ||| qw: Game counter: 4094
     0 | D:1      | 0 ||| qw: Always use a shield: true
     0 | D:1      | 0 ||| qw: God list: Okawaru
     0 | D:1      | 0 ||| qw: Allow faded altars: false
     0 | D:1      | 0 ||| qw: Do Orc after D:15 true
     0 | D:1      | 0 ||| qw: Do second Lair branch before Depths: true
     0 | D:1      | 0 ||| qw: Lair rune preference: random
     0 | D:1      | 0 ||| qw: Plans: Normal
     0 | D:1      | 0 ||| PLANNING D:1-11
    41 | D:1      | 41 ||| INVOKING Spit Poison.
    46 | D:1      | 46 ||| INVOKING Spit Poison.
    78 | D:1      | 78 ||| INVOKING Spit Poison.
   120 | D:1      | 120 ||| INVOKING Spit Poison.
   159 | D:1      | 159 ||| INVOKING Spit Poison.
   164 | D:1      | 164 ||| INVOKING Spit Poison.
   216 | D:1      | 216 ||| INVOKING Spit Poison.
   217 | D:1      | Reached skill level 4 in Ranged Weapons
   217 | D:1      | Reached XP level 2. HP: 26/26 MP: 2/2
   222 | D:1      | 222 ||| INVOKING Spit Poison.
   229 | D:1      | 229 ||| INVOKING Spit Poison.
   232 | D:1      | 232 ||| INVOKING Spit Poison.
   246 | D:1      | 246 ||| Stepping ~*~*~tactically~*~*~ (outnumbered).
   248 | D:1      | 248 ||| INVOKING Spit Poison.
   254 | D:1      | 254 ||| Stepping ~*~*~tactically~*~*~ (outnumbered).
   255 | D:1      | 255 ||| INVOKING Spit Poison.
   258 | D:1      | 258 ||| INVOKING Spit Poison.
   259 | D:1      | 259 ||| INVOKING Spit Poison.
   384 | D:1      | 384 ||| INVOKING Spit Poison.
   390 | D:1      | 390 ||| INVOKING Spit Poison.
   436 | D:1      | 436 ||| INVOKING Spit Poison.
   455 | D:1      | Reached XP level 3. HP: 32/32 MP: 3/3
   508 | D:1      | 508 ||| INVOKING Spit Poison.
   616 | D:1      | 616 ||| UPGRADING to +0 cloak.
   621 | D:1      | 621 ||| READING scroll labelled AFOPPI HOUFAPP.
   621 | D:1      | Identified a scroll of acquirement
   621 | D:1      | 621 ||| ACQUIRING +2 arbalest of draining
   621 | D:1      | Acquired a +2 arbalest of draining
   623 | D:1      | 623 ||| SWAPPING to +2 arbalest of draining.
   624 | D:1      | 624 ||| DROPPING +0 shortbow.
   625 | D:1      | 625 ||| READING 2 scrolls labelled PAISUDUATH.
   626 | D:1      | 626 ||| READING scroll labelled TABOYV CIANG.
   627 | D:1      | 627 ||| READING scroll labelled VOLOIR OJARCH.
   728 | D:1      | 728 ||| DROPPING scroll of butterflies.
   737 | D:2      | 737 ||| INVOKING Spit Poison.
   740 | D:2      | 740 ||| STAIRDANCE
   742 | D:1      | 742 ||| INVOKING Spit Poison.
   798 | D:2      | 798 ||| INVOKING Spit Poison.
   869 | D:2      | 869 ||| INVOKING Spit Poison.
   894 | D:2      | 894 ||| INVOKING Spit Poison.
  1059 | D:2      | 1059 ||| INVOKING Spit Poison.
  1142 | D:2      | 1142 ||| INVOKING Spit Poison.
  1145 | D:2      | 1145 ||| INVOKING Spit Poison.
  1146 | D:2      | 1146 ||| Stepping ~*~*~tactically~*~*~ (outnumbered).
  1148 | D:2      | Reached skill level 5 in Ranged Weapons
  1148 | D:2      | Reached XP level 4. HP: 39/39 MP: 4/4
  1149 | D:2      | HP: 7/39 [gnoll/+0 spear (8)]
  1150 | D:2      | 1150 ||| INVOKING Spit Poison.
  1152 | D:2      | Slain by a gnoll

Levels and vault maps discovered:
D:1:      ldierk_walled_garden, layout_rooms
D:2:      layout_loops_corners, serial_glass, glass_columns_a, glass_columns_a,
          glass_columns_a, glass_columns_b, glass_columns_b, glass_columns_a,
          glass_columns_a, glass_columns_a, glass_columns_c, glass_columns_a,
          glass_columns_c, glass_columns_b, glass_columns_b, glass_columns_a,
          ebering_ecumenical_altar_webs, minmay_stone_trees_medium, uniq_sigmund

Skill      XL: |  1  2  3 |
---------------+----------+-----
Ranged Weapons | 4 5 |  5.0
Fighting       | |  2.2
Dodging        | |  1.5
Stealth        | |  1.5

Action                     |  1- 3 |  4- 6 || total
---------------------------+-------+-------++-------
   Fire: Shortbow          |    58 |       ||    58
         Arbalest          |    16 |     3 ||    19
Ability: Spit Poison       |    25 |     1 ||    26
    Use: Scroll            |     4 |       ||     4
 Armour: Leather armour    |     8 |       ||     8
  Dodge: Dodged            |    24 |     2 ||    26

Table legend:
 A = Non-vault XP
 B = Vault XP
 C = Vault XP percentage of total XP
 D = Non-vault monster count
 E = Vault monster count
 F = Vault count percentage of total count
                 A         B        C        D         E       F
            +---------+---------+-------+---------+---------+-------
      Total |     116 |       0 |   0.0 |      37 |       0 |   0.0
            +---------+---------+-------+---------+---------+-------
        D:1 |      56 |       0 |   0.0 |      24 |       0 |   0.0
        D:2 |      60 |       0 |   0.0 |      13 |       0 |   0.0
            +---------+---------+-------+---------+---------+-------
